 Dungeon Crawl Stone Soup version 0.30.0-29-ga12c61a403 (webtiles) character file.

Game seed: 10600834096578592386

604 safid the Chiller (level 7, -5/55 HPs)
             Began as a Merfolk Ice Elementalist on June 22, 2023.
             Slain by Duvessa
             ... wielding a +0 rapier
              (6 damage)
             ... on level 4 of the Dungeon.
             The game lasted 00:08:35 (3702 turns).

safid the Chiller (Merfolk Ice Elementalist)        Turns: 3702, Time: 00:08:35

Health: -5/55      AC: 12    Str:  8    XL:     7   Next: 42%
Magic:  1/13       EV: 12    Int: 17    God:
Gold:   199        SH:  0    Dex: 14    Spells: 7/14 levels left

rFire   . . .        y - +1 short sword (venom)
rCold   . . .        (no shield)
rNeg    + + .        f - +2 robe {rN+}
rPois   .            s - +0 helmet
rElec   .            (no cloak)
rCorr   .            (no gloves)
SInv    .            (no boots)
Will    .....        (no amulet)
Stlth   ++           i - +4 ring of slaying
HPRegen 0.29/turn    p - ring of positive energy
MPRegen 0.13/turn

%: no passive effects
@: ice-armoured, freezing walls
A: (nimble swimmer 2), mertail
a: no special abilities


You were on level 4 of the Dungeon.
You visited 1 branch of the dungeon, and saw 4 of its levels.

You collected 199 gold pieces.

Inventory:

Hand Weapons
 y - a +1 short sword of venom (weapon)
Armour
 f - a +2 robe of positive energy (worn)
 s - a +0 helmet (worn)
 x - a +1 robe of willpower
Jewellery
 i - a +4 ring of slaying (left hand)
 p - a ring of positive energy (right hand)
Wands
 w - a wand of flame (28)
Scrolls
 e - a scroll of teleportation {unknown}
 h - 3 scrolls of magic mapping {unknown}
 k - a scroll of enchant armour {unknown}
 l - a scroll of poison {unknown}
 m - a scroll of enchant weapon {unknown}
 t - a scroll of blinking {unknown}
 u - a scroll of fog {unknown}
 v - a scroll of identify {unknown}
Potions
 a - a potion of brilliance {unknown}
 b - a potion of magic
 c - 2 potions of berserk rage {unknown}
 d - a potion of might {unknown}
 j - 2 potions of heal wounds {unknown}
 n - a potion of flight {unknown}
 o - a potion of haste {unknown}
 q - a potion of ambrosia {unknown}
 r - 5 potions of attraction {unknown}


   Skills:
 + Level 4.6 Fighting
 - Level 2.6 Dodging
 - Level 2.1 Stealth
 + Level 4.4 Spellcasting
 + Level 6.6 Ice Magic


You had 7 spell levels left.
You knew the following spells:

 Your Spells              Type           Power      Damage    Failure   Level
a - Freeze                Ice            100%       1d10      1%          1
b - Frozen Ramparts       Ice            52%        1d8       3%          3
c - Ozocubu's Armour      Ice            26%        N/A       3%          3

Your spell library contained the following spells:

 Spells                   Type           Power      Damage    Failure   Level
 Shock                    Conj/Air       12%        1d3       16%         1
 Slow                     Hex            12%        N/A       16%         1
 Summon Ice Beast         Ice/Summ       15%        N/A       36%         4
 Confusing Touch          Hex            3%         N/A       41%         3
 Swiftness                Air            3%         N/A       41%         3
 Vampiric Draining        Necr           3%         2d6       41%         3
 Airstrike                Air            1%         2d(1-17)  83%         4
 Alistair's Intoxication  Tmut/Pois      2%         N/A       99%         5
 Borgnjor's Vile Clutch   Necr/Erth      1%         N/A       99%         5
 Eringya's Noxious Bog    Tmut/Pois      1%         N/A       100%        6


Dungeon Overview and Level Annotations

Branches:
Dungeon (4/15)
 Temple: D:4-7

Altars:
Zin

Annotations:
D:4 Duvessa


Innate Abilities, Weirdness & Mutations

((You are very nimble when in or above water. (Stealth+, EV+, Speed+++)))
Your lower body shifts to a powerful aquatic tail in water.


Message History

Press: ? - help, Shift-Dir - straight line, f/p - Duvessa
Aim: Duvessa, wielding a +0 rapier and wearing a +0 leather armour (severely wounded, berserk, poisoned)
You freeze Duvessa.
Duvessa is severely wounded.
The wall freezes Duvessa.
Duvessa hits you with a +0 rapier!
The wall freezes the hound.
The hound closely misses you.
The wall freezes Duvessa.
Duvessa misses you.
Casting: Freeze (safe; 1% risk of failure)
Confirm with . or Enter, or press ? or * to list all spells.
Aiming: Freeze (safe; 1% risk of failure)
Press: ? - help, Shift-Dir - straight line, f/p - Duvessa
Aim: Duvessa, wielding a +0 rapier and wearing a +0 leather armour (severely wounded, berserk, poisoned)
You freeze Duvessa.
Duvessa is severely wounded.
The frozen ramparts melt away.
The hound bites you but does no damage. Duvessa hits you with a +0 rapier!
* * * LOW HITPOINT WARNING * * *
The hound completely misses you.
Casting: Freeze (safe; 1% risk of failure)
Confirm with . or Enter, or press ? or * to list all spells.
Casting: Frozen Ramparts (dangerous; 3% risk of failure)
Press: ? - help, Dir - look around, f - activate The walls around you are covered in ice.
The wall freezes Duvessa.
Duvessa hits you with a +0 rapier.
* * * LOW HITPOINT WARNING * * *
The wall freezes the hound.
The hound barely misses you.
The wall freezes Duvessa but does no damage.
Duvessa hits you with a +0 rapier!
* * * LOW HITPOINT WARNING * * *
Casting: Frozen Ramparts (dangerous; 3% risk of failure)
Confirm with . or Enter, or press ? or * to list all spells.
Aiming: Freeze (safe; 1% risk of failure)
Press: ? - help, Shift-Dir - straight line, f - Duvessa
Aim: Duvessa, wielding a +0 rapier and wearing a +0 leather armour (severely wounded, berserk, poisoned)
You freeze Duvessa!
Duvessa is almost dead.
The wall freezes the hound.
The hound bites you but does no damage.
The wall freezes Duvessa but does no damage.
Duvessa hits you with a +0 rapier.
You die...

###### #....# #.##.#
##############.##.####
................#..).#
................####.#
...............e@)...#
...............h######
................#
................#
................#
................#
................#
................#
.......[........#


You could see Duvessa (berserk, poisoned) and a hound.

Vanquished Creatures
  Edmund (D:4)
  An ogre (D:4)
  A phantom (D:4)
  Dowan (D:4)
  An iguana (D:4)
  An orc wizard (D:3)
  Natasha (thrice) (D:4)
  3 gnolls (D:3)
  4 adders
  A worm (D:4)
  3 dart slugs
  6 orcs
  6 bats
  8 endoplasms
  4 giant cockroaches
  7 goblins
  8 hobgoblins
  2 quokkas
  6 ball pythons
  A frilled lizard (D:1)
  11 kobolds
  6 rats
85 creatures vanquished.

Notes
Turn   | Place    | Note
-------+----------+-------------------------------------------
     0 | D:1      | safid the Merfolk Ice Elementalist began the quest for the
                  | Orb.
     0 | D:1      | Reached XP level 1. HP: 13/13 MP: 3/3
   158 | D:1      | Reached XP level 2. HP: 3/20 MP: 0/5
   242 | D:1      | Reached skill level 1 in Fighting
   409 | D:1      | Found a faded altar of an unknown god.
   735 | D:2      | Reached XP level 3. HP: 24/26 MP: 6/6
  1518 | D:3      | Reached skill level 5 in Ice Magic
  1518 | D:3      | Reached XP level 4. HP: 26/33 MP: 3/8
  1522 | D:3      | Learned a level 3 spell: Frozen Ramparts
  1526 | D:3      | Learned a level 3 spell: Ozocubu's Armour
  1691 | D:3      | Found a glowing silver altar of Zin.
  2455 | D:3      | Reached XP level 5. HP: 38/39 MP: 4/9
  2615 | D:4      | Noticed Natasha
  2647 | D:4      | Noticed Duvessa
  2647 | D:4      | Noticed Dowan
  2647 | D:4      | Noticed an ogre
  2695 | D:4      | Killed Natasha
  2704 | D:4      | Noticed Natasha
  2718 | D:4      | Killed Natasha
  2874 | D:4      | Noticed Natasha
  2885 | D:4      | Killed Natasha
  2886 | D:4      | Reached XP level 6. HP: 37/47 MP: 11/11
  3090 | D:4      | Reached skill level 6 in Ice Magic
  3235 | D:4      | Noticed Edmund
  3263 | D:4      | Killed Edmund
  3264 | D:4      | Reached XP level 7. HP: 31/54 MP: 3/13
  3453 | D:4      | Killed Dowan
  3701 | D:4      | HP: 1/55 [Duvessa/+0 rapier (11)]
  3702 | D:4      | Slain by Duvessa

Illustrated notes

Levels and vault maps discovered:
D:1:      dpeg_arrival_radiant, layout_rooms,
          chequers_ecumenical_altar_simple_redux
D:2:      layout_loops_ring, minmay_tromino_i2
D:3:      layout_basic, lemuel_doored_altar, nicolae_hexahallways,
          hangedman_decor_push, interstate_on_off
D:4:      layout_basic, mainiacjoe_overflow_alcove_4, st_stairs_3, uniq_natasha,
          uniq_duvessa, uniq_edmund

Skill      XL: |  1  2  3  4  5  6 |
---------------+-------------------+-----
Fighting       | 1 2 3 4 |  4.6
Ice Magic      | 5 6 |  6.6
Spellcasting   | 3 4 |  4.4
Dodging        | |  2.6
Stealth        | |  2.1

Action                     |  1- 3 |  4- 6 |  7- 9 || total
---------------------------+-------+-------+-------++-------
  Melee: Unarmed           |    10 |       |       ||    10
         Dagger            |    62 |    30 |       ||    92
         Punch             |     1 |     1 |       ||     2
         Short sword       |       |    56 |    18 ||    74
   Cast: Freeze            |    17 |    14 |     5 ||    36
         Frozen Ramparts   |       |    11 |     6 ||    17
         Ozocubu's Armour  |       |     5 |     3 ||     8
    Use: Potion            |       |     2 |       ||     2
   Stab: Sleeping          |    10 |     3 |     1 ||    14
         Distracted        |       |     1 |       ||     1
 Armour: Robe              |     6 |    19 |     6 ||    31
  Dodge: Dodged            |    38 |    59 |    13 ||   110
